 Dungeon Crawl Stone Soup version 0.30-a0-618-gd6c86c23d0 (webtiles) character file.

Game seed: 13404513203460722066

9866 testman the Grappler (level 11, -23/87 HPs)
             Began as a Troll Fighter on Jan 9, 2023.
             Was a High Priest of Okawaru.
             Annihilated by a tentacled starspawn (33 damage)
             ... on level 3 of the Abyss.
             The game lasted 00:27:23 (8500 turns).

testman the Grappler (Troll Fighter)                Turns: 8500, Time: 00:27:24

Health: -23/87     AC: 10    Str: 30    XL:     11   Next: 28%
Magic:  15/15      EV:  8    Int:  4    God:    Okawaru [*****.]
Gold:   603        SH:  9    Dex:  9    Spells: 10/10 levels left

rFire   . . .      SeeInvis .      - Unarmed
rCold   . . .      Faith    .    b - +0 kite shield
rNeg    . . .      Spirit   .    A - +2 acid dragon scales
rPois   .          Reflect  .    (helmet restricted)
rElec   .          Harm     .    (no cloak)
rCorr   +          Rampage  .    (gloves unavailable)
Will    .....                    (boots unavailable)
Stlth   +                        F - amulet of regeneration
HPRegen 1.94/turn                e - +4 ring of slaying
MPRegen 0.14/turn                m - ring of flight

@: about to teleport, flying
A: large, unfitting armour, claws 3, regeneration 1, shaggy fur 1, tough skin 1,
[frail 2], [subdued magic 2]
a: Renounce Religion, Heroism, Finesse, Duel


You were on level 3 of the Abyss.
You worshipped Okawaru.
Okawaru was extremely pleased with you.
You visited 1 branch of the dungeon, and saw 10 of its levels.
You visited the Abyss 1 time.
You also visited: Ossuary.

You collected 603 gold pieces.

Inventory:

Missiles
 a - a large rock
 g - 7 boomerangs
 l - 24 poisoned darts (quivered)
 n - 3 silver boomerangs
 G - 3 javelins
Armour
 b - a +0 kite shield (worn)
 A - +2 acid dragon scales (worn)
 D - +0 fire dragon scales
Magical Staves
 z - a staff of earth
Jewellery
 d - a ring of resist corrosion
 e - a +4 ring of slaying (left claw)
 m - a ring of flight (right claw)
 x - an amulet of magic regeneration
 B - a +6 ring of intelligence
 F - an amulet of regeneration (around neck)
Wands
 o - a wand of mindburst (34)
 E - a wand of polymorph (9)
 J - a wand of flame (6)
Scrolls
 f - 3 scrolls of teleportation
 h - 3 scrolls of blinking
 i - 2 scrolls of fog
 r - 5 scrolls of amnesia
 u - 3 scrolls of identify
 v - a scroll of immolation
 y - 3 scrolls of magic mapping
 C - a scroll of fear
Potions
 c - a potion of might
 j - a potion of mutation
 k - 3 potions of invisibility
 p - 2 potions of haste
 q - a potion of flight {unknown}
 s - 5 potions of curing {unknown}
 w - a potion of brilliance {unknown}
 H - 2 potions of resistance {unknown}
Miscellaneous
 I - a phial of floods


   Skills:
 + Level 7.4 Fighting
 + Level 6.1 Throwing
 - Level 2.4 Dodging
 + Level 8.0 Shields
 + Level 8.7 Unarmed Combat
 + Level 7.4 Invocations


You had 10 spell levels left.
You didn't know any spells.
Your spell library contained the following spells:

 Spells                   Type           Power      Damage    Failure   Level
 Magic Dart               Conj           0%         1d3       73%         1
 Slow                     Hex            0%         N/A       73%         1
 Searing Ray              Conj           0%         2d4       87%         2
 Confusing Touch          Hex            0%         N/A       98%         3
 Dazzling Flash           Conj/Hex       0%         N/A       98%         3
 Portal Projectile        Hex/Tloc       0%         N/A       98%         3
 Vampiric Draining        Necr           0%         2d6       98%         3
 Fulminant Prism          Conj/Hex       0%         3d5       100%        4
 Iskenderun's Mystic Bla  Conj/Tloc      0%         2d3       100%        4
 Blade Hands              Tmut           0%         N/A       100%        5
 Starburst                Conj/Fire      0%         6d3       100%        6
 Tukima's Dance           Hex            Unusable   N/A       N/A         3

Dungeon Overview and Level Annotations

Branches:
Dungeon (10/15)            Temple (0/1) D:4         Ossuary (visited)
   Lair: D:8-11         Orc: D:9-12

Altars:
Ashenzari
Cheibriados
Fedhas
Gozag
Kikubaaqudgha
Makhleb
Okawaru
Ru
Sif Muna
Vehumet
Yredelemnul
Zin
The Shining One

Shops:
D:9 [


Innate Abilities, Weirdness & Mutations

You are too large for most types of armour.
You have claws for hands.
Your natural rate of healing is unusually fast.
You are covered in fur. (AC +1)
You have tough skin. (AC +1)
[You are very frail. (-20% HP)]
[Your spells are easier to cast, but less powerful.]


Message History

The tentacled starspawn tentacle-slaps you!
The wretched star pulses with an eldritch light!
You feel frail. x2
The tentacled starspawn bites you!!
The tentacled starspawn barely misses you.
Blink to where?
Press: ? - help, Dir - move target A tentacled starspawn and a starcursed mass come into view.
Found an abyssal rune of Zot.
As you read the scroll of blinking, it crumbles to dust.
The wretched star pulses with an eldritch light!
Your connection to magic feels subdued.
Your connection to magic feels more subdued.
A starcursed mass splits.
A chorus of shrieks assaults your mind.
Found a corrupted altar of Lugonu.
The tentacled starspawn bites you!!
* * * LOW HITPOINT WARNING * * *
The tentacled starspawn tentacle-slaps you.
* * * LOW HITPOINT WARNING * * *
A starcursed mass splits. x2
You feel much better.
Tentacles burst from the starspawn's body!
A deafening chorus of shrieks assaults your mind!
* * * LOW HITPOINT WARNING * * *
You suddenly lose the ability to move!
A starcursed mass splits. x2
Tentacles burst from the starspawn's body!
You can move again. 4 starspawn tentacles come into view.
The tentacled starspawn bites you.
* * * LOW HITPOINT WARNING * * *
You block the tentacled starspawn's attack.
The starspawn tentacle grabs you. The starspawn tentacle constricts you.
* * * LOW HITPOINT WARNING * * *
A starcursed mass splits. x2
A cacophony of accursed wailing tears at your sanity!
* * * LOW HITPOINT WARNING * * *
You escape the starspawn tentacle's grasp.
The tentacled starspawn attacks as you move away!
The tentacled starspawn bites you!!
You die...

##... ...##
#§........_
#...#*##..##
#...#──X#._.#
#...X.*\....#
#..#│XXXw#..##
#...#.\X.X#...#
#......wX.Xw.φ#
##.... .#Xw@.#
### ..#...###
#.....##
###.### ##


You could see 8 starcursed masses, 2 tentacled starspawn, 2 wretched stars and 4
starspawn tentacles.

Vanquished Creatures
  An entropy weaver (shapeshifter) (D:8)
  A fire dragon (D:9)
  A centaur warrior (D:9)
  2 two-headed ogres (D:9)
  Maggie (D:6)
  A troll (D:10)
  Prince Ribbit (D:5)
  Sigmund (D:5)
  3 wyverns
  5 yaks
  5 steam dragons
  Edmund (D:5)
  A water moccasin (D:8)
  An ice beast (D:8)
  4 orc warriors
  3 ogres
  The ghost of rogsnak the Gusty, an amateur DrAE (D:3)
  A centaur (D:9)
  2 phantoms
  2 kobold brigands
  Blork the orc (D:4)
  2 bullfrogs
  A gnoll sergeant (D:10)
  2 necrophages
  4 scorpions
  3 water moccasin zombies (Ossuary)
  4 wights
  17 killer bees
  7 howler monkeys
  A gnoll bouda (D:6)
  2 jellies
  2 hounds
  5 orc priests
  6 iguanas
  7 orc wizards
  2 mummies (Ossuary)
  8 gnolls
  10 adders
  A white imp (D:6)
  An ufetubus (D:5)
  6 adder zombies (Ossuary)
  A dart slug (D:2)
  28 orcs
  6 bats
  2 endoplasms
  5 gnoll zombies (Ossuary)
  9 goblins
  7 hobgoblins
  21 kobolds
  3 quokkas (D:3)
  A ball python zombie (D:3)
  2 hobgoblin zombies (Ossuary)
  5 kobold zombies (Ossuary)
  6 orc zombies (Ossuary)
  A quokka zombie (D:3)
  4 rats
231 creatures vanquished.

Vanquished Creatures (others)
  11 fungi
  3 plants (D:2)
14 creatures vanquished.

Grand Total: 245 creatures vanquished

Notes
Turn   | Place    | Note
-------+----------+-------------------------------------------
     0 | D:1      | testman the Troll Fighter began the quest for the Orb.
     0 | D:1      | Reached XP level 1. HP: 22/22 MP: 0/0
   309 | D:1      | Reached XP level 2. HP: 29/29 MP: 1/1
   737 | D:2      | Found a faded altar of an unknown god.
   746 | D:2      | Prayed at the altar of an unknown god.
   746 | D:2      | Became a worshipper of Warmaster Okawaru
   746 | D:2      | Reached * piety under Okawaru
   765 | D:2      | Reached XP level 3. HP: 37/37 MP: 2/2
  1629 | D:3      | Found a radiant altar of Vehumet.
  1663 | D:3      | Reached skill level 1 in Invocations
  1663 | D:3      | Reached XP level 4. HP: 44/45 MP: 3/3
  1711 | D:3      | Found a runed translucent gate.
  1711 | D:3      | Found a runed translucent gate.
  1711 | D:3      | Found a runed translucent gate.
  1711 | D:3      | Noticed rogsnak's ghost (amateur DrAE)
  1713 | D:3      | Found a basalt altar of Yredelemnul.
  2203 | D:3      | Found a burning altar of Makhleb.
  2237 | D:3      | Found an ancient bone altar of Kikubaaqudgha.
  2440 | D:3      | Killed rogsnak's ghost
  2441 | D:3      | Reached XP level 5. HP: 46/53 MP: 1/5
  2563 | D:4      | Noticed Blork the orc
  2580 | D:4      | Killed Blork the orc
  2700 | D:4      | Identified the +3 hand axe of the Leaping Seer {freeze,
                  | rPois}
  2821 | D:4      | Found a staircase to the Ecumenical Temple.
  2842 | D:4      | Reached XP level 6. HP: 55/62 MP: 6/6
  3067 | D:4      | Found a blossoming altar of Fedhas.
  3142 | D:5      | Entered Level 5 of the Dungeon
  3197 | D:5      | Reached ** piety under Okawaru
  3262 | D:5      | Noticed Sigmund
  3271 | D:5      | Killed Sigmund
  3272 | D:5      | Reached XP level 7. HP: 59/70 MP: 4/8
  3451 | D:5      | Reached *** piety under Okawaru
  3461 | D:5      | Found a glowing golden altar of the Shining One.
  3745 | D:5      | Noticed Prince Ribbit
  3765 | D:5      | Killed Prince Ribbit
  3766 | D:5      | Reached skill level 5 in Unarmed Combat
  3864 | D:5      | Noticed Edmund
  3871 | D:5      | Reached XP level 8. HP: 79/79 MP: 6/9
  3874 | D:5      | Killed Edmund
  3875 | D:5      | Reached skill level 1 in Throwing
  3883 | D:5      | Reached skill level 5 in Shields
  3998 | D:6      | Noticed Maggie
  4006 | D:6      | Found a sand-covered staircase.
  4012 | Ossuary  | Entered an ossuary
  4139 | Ossuary  | Reached skill level 5 in Fighting
  4206 | D:6      | Killed Maggie
  4329 | D:6      | Reached XP level 9. HP: 88/88 MP: 11/11
  4405 | D:6      | Found a shimmering blue altar of Sif Muna.
  4870 | D:6      | Reached **** piety under Okawaru
  4871 | D:6      | Reached skill level 5 in Invocations
  5152 | D:6      | Received a gift from Okawaru
  5841 | D:7      | Received a gift from Okawaru
  6099 | D:8      | Reached XP level 10. HP: 82/98 MP: 13/13
  6249 | D:8      | Noticed an entropy weaver
  6262 | D:8      | Killed an entropy weaver
  6262 | D:8      | Reached ***** piety under Okawaru
  6319 | D:8      | Found a broken altar of Ashenzari.
  6451 | D:8      | Found a glowing silver altar of Zin.
  6746 | D:9      | Found a shimmering altar of Xom.
  6746 | D:9      | Found a shimmering altar of Xom.
  6746 | D:9      | Found a shimmering altar of Xom.
  6746 | D:9      | Found a shimmering altar of Xom.
  6747 | D:9      | Found a shimmering altar of Xom.
  6747 | D:9      | Found a shimmering altar of Xom.
  6767 | D:9      | a blink frog changed into a black mamba
  6767 | D:9      | Noticed a black mamba (shapeshifter)
  6992 | D:9      | Found a snail-covered altar of Cheibriados.
  6992 | D:9      | Found Cheibriados's Comfort Zone.
  7184 | D:9      | Found a sacrificial altar of Ru.
  7201 | D:9      | Noticed a two-headed ogre
  7207 | D:9      | Killed a two-headed ogre
  7208 | D:9      | Reached skill level 5 in Throwing
  7234 | D:9      | Noticed a fire dragon
  7236 | D:9      | Noticed a two-headed ogre
  7236 | D:9      | Noticed a centaur warrior
  7360 | D:9      | Killed a centaur warrior
  7373 | D:9      | Killed a two-headed ogre
  7377 | D:9      | Killed a fire dragon
  7378 | D:9      | Reached XP level 11. HP: 95/109 MP: 8/15
  7603 | D:10     | Entered Level 10 of the Dungeon
  7632 | D:10     | Received a gift from Okawaru
  7749 | D:10     | Found an opulent altar of Gozag.
  8487 | D:10     | Noticed a wizard
  8492 | Abyss:3  | Noticed a tentacled starspawn
  8492 | Abyss:3  | Noticed a wretched star
  8492 | Abyss:3  | Noticed a starcursed mass
  8492 | Abyss:3  | Noticed a wretched star
  8492 | Abyss:3  | Found a shimmering altar of Xom.
  8492 | Abyss:3  | Cast into level 3 of the Abyss (a wizard)
  8496 | Abyss:3  | Noticed a tentacled starspawn
  8496 | Abyss:3  | Noticed a starcursed mass
  8497 | Abyss:3  | Found a corrupted altar of Lugonu.
  8498 | Abyss:3  | Paralysed by accursed screaming for 1 turns
  8500 | Abyss:3  | Annihilated by a tentacled starspawn

Illustrated notes

Levels and vault maps discovered:
D:1:      dpeg_arrival_boxes_within_box, layout_loops_cross
D:2:      layout_loops_ring, ebering_ecumenical_altar_ruins, serial_forest,
          infiniplex_forest_clump_long, infiniplex_forest_lined_2,
          infiniplex_forest_lined_ring, infiniplex_forest_lined_room_2,
          infiniplex_forest_clump_diagonal, infiniplex_forest_clump_curved,
          infiniplex_forest_lined_3_way, dk_noncrumbling_4
D:3:      layout_loops_ring, lightli_temple_of_fire,
          nicolae_yredelemnul_ghost_church, mainiacjoe_overflow_big_doors,
          serial_rivers, chequers_serial_rivers_small_a,
          chequers_serial_rivers_marsh, chequers_serial_rivers_marsh,
          chequers_serial_rivers_micro_b, chequers_serial_rivers_micro_b,
          chequers_serial_rivers_marsh, nrook_uturn, minmay_surrounded
D:4:      layout_basic, fedhas_altar_3, minmay_temple_entry_tees,
          uniq_blork_the_orc
D:5:      layout_basic, tso_metal_star, hangedman_minor_gate_pass, uniq_edmund,
          uniq_sigmund, uniq_prince_ribbit1
D:6:      minmay_clustersquares, layout_basic, nicolae_sif_muna_little_library,
          nicolae_ossuary_entry_plus, uniq_maggie
D:7:      layout_basic, amcnicky_mini_pool_small
D:8:      layout_cave_pools, mainiacjoe_overflow_brackets,
          cheibrodos_ashenzari_chains, minmay_misc_feat_five
D:9:      minmay_cornered_nines, layout_basic,
          mainiacjoe_overflow_cross_hatched, xom_shifter_show, minmay_shop_chei
D:10:     kennysheep_steamy, layout_long_grid, grunt_gozag_statues,
          serial_park_tiny_1, minmay_librarian
Abyss:3:  base: D:5, base: D:2, minivault_24, nicolae_abyss_rune_star_stuff

Skill      XL: |  1  2  3  4  5  6  7  8  9 10 11 |
---------------+----------------------------------+-----
Fighting       | 3 4 5 6 7 |  7.4
Unarmed Combat | 3 4 5 6 7 8 |  8.7
Shields        | 3 4 5 6 7 8 |  8.0
Invocations    | 1 2 3 4 5 7 |  7.4
Throwing       | 2 4 5 6 |  6.1
Dodging        | |  2.4

Action                   |  1- 3 |  4- 6 |  7- 9 | 10-12 || total
-------------------------+-------+-------+-------+-------++-------
Melee: Unarmed           |    73 |    93 |   290 |   184 ||   640
Throw: Dart              |       |       |     8 |     4 ||    12
       Large rock        |       |       |       |     2 ||     2
       Javelin           |       |       |       |     1 ||     1
Invok: Heroism           |       |     3 |     3 |     7 ||    13
       Finesse           |       |       |       |     1 ||     1
  Use: Scroll            |       |     6 |    11 |     3 ||    20
       Potion            |       |     1 |     1 |     2 ||     4
Armor: Robe              |    20 |    17 |    22 |       ||    59
       Acid dragon scale |       |       |    59 |    81 ||   140
Dodge: Dodged            |    19 |    22 |    63 |    96 ||   200
Block: Kite shield       |    22 |    26 |    97 |   131 ||   276

Table legend: (Time is in decaauts)
 A = Elapsed time spent in this place.
 B = Non-inter-level travel time spent in this place.
 C = Inter-level travel time spent in this place.
 D = Time resting spent in this place.
 E = Time spent auto-exploring this place.
 F = Levels seen in this place.
 G = Mean time per level.
                   A        B        C        D        E       F      G
               +--------+--------+--------+--------+--------+-----+--------+
         Total |   8487 |   8113 |    374 |     54 |   6611 |  12 |  707.2 |
       Dungeon |   8293 |   7919 |    374 |     38 |   6541 |  10 |  829.3 |
         Abyss |      7 |      7 |      0 |      0 |      0 |   1 |    7.0 |
       Ossuary |    186 |    186 |      0 |     16 |     70 |   1 |  186.0 |
               +--------+--------+--------+--------+--------+-----+--------+

Top non-repeatable levels by time:
     D:6: 1209 daAuts
     D:3: 1007 daAuts
     D:9: 911 daAuts
    D:10: 874 daAuts
     D:5: 835 daAuts
     D:2: 828 daAuts
     D:1: 710 daAuts
     D:8: 687 daAuts
     D:7: 623 daAuts
     D:4: 605 daAuts
 Ossuary: 186 daAuts
 Abyss:3: 7 daAuts
